TOP OF THE 1ST |
Savannah Hogs batting - Pitching for Detroit Dirty Snow : RHP Paul McFadden
|
Pitching: RHP Paul McFadden
|
|
Batting: RHB Anastasio Movonda
|
0-0: Ball 1-0: Ball 2-0: Called Strike 2-1: Called Strike 2-2: SINGLE (Groundball, 56D)
|
Batting: RHB Henry Dawson
|
0-0: Called Strike 0-1: Ball 1-1: Swinging Strike 1-2: Fly out, F7 (Flyball, 78XD)
|
Batting: LHB Manny Hernández
|
0-0: Called Strike 0-1: Swinging Strike 0-2: Ball 1-2: Ground out 1-3 (Groundball, 13) Anastasio Movonda to second
|
Batting: RHB Sergio Moreno
|
0-0: Called Strike 0-1: Swinging Strike 0-2: Ball 1-2: Ball Wild Pitch! Anastasio Movonda to third 2-2: Foul Ball, location: 2F 2-2: Foul Ball, location: 2F 2-2: Ball 3-2: Strikes out swinging
|
Top of the 1st over - 0 run(s), 1 hit(s), 0 error(s), 1 left on base; Savannah 0 - Detroit 0 |
BOTTOM OF THE 1ST |
Detroit Dirty Snow batting - Pitching for Savannah Hogs : RHP Nelson Cruz
|
Pitching: RHP Nelson Cruz
|
|
Batting: RHB Phil Wright
|
0-0: Ball 1-0: Swinging Strike 1-1: Swinging Strike 1-2: Ball 2-2: Strikes out swinging
|
Batting: RHB Cristo Souza
|
0-0: Ball 1-0: Ball 2-0: Ball 3-0: Called Strike 3-1: Foul Ball, location: 2F 3-2: SINGLE (Popup, 6D)
|
Batting: LHB Eric Powell
|
0-0: Called Strike 0-1: Ball 1-1: Foul Ball, location: 2F 1-2: Strikes out swinging
|
Batting: RHB Carlos Rocha
|
0-0: Called Strike 0-1: Ball 1-1: Foul Ball, location: 2F 1-2: Ground out 6-3 (Groundball, 56)
|
Bottom of the 1st over - 0 run(s), 1 hit(s), 0 error(s), 1 left on base; Savannah 0 - Detroit 0 |
TOP OF THE 2ND |
Savannah Hogs batting - Pitching for Detroit Dirty Snow : RHP Paul McFadden
|
Batting: RHB Remi Eruzione
|
0-0: Fly out, F9 (Flyball, 9LSF)
|
Batting: LHB Pedro Medine
|
0-0: Called Strike 0-1: Ball 1-1: SINGLE (Groundball, 4MD)
|
Batting: LHB Ivan Costello
|
0-0: Swinging Strike 0-1: Foul Ball, location: 2F 0-2: Foul Ball, location: 2F 0-2: Ball 1-2: Strikes out swinging
|
Batting: LHB Marv Alexander
|
0-0: Ball 1-0: Ball 2-0: Fielders Choice at 2nd, 4-6 (Groundball, 4)
|
Top of the 2nd over - 0 run(s), 1 hit(s), 0 error(s), 0 left on base; Savannah 0 - Detroit 0 |
BOTTOM OF THE 2ND |
Detroit Dirty Snow batting - Pitching for Savannah Hogs : RHP Nelson Cruz
|
Batting: RHB Arturo Jiménez
|
0-0: Ball 1-0: Foul Ball, location: 2F 1-1: Swinging Strike 1-2: Foul Ball, location: 2F 1-2: Foul Ball, location: 2F 1-2: Strikes out swinging
|
Batting: RHB Charlie O'Farrell
|
0-0: Called Strike 0-1: Called Strike 0-2: Ball 1-2: Foul Ball, location: 2F 1-2: SINGLE (Line Drive, 4D)
|
Batting: SHB Alan Garland
|
Pickoff Throw to First - Out! 0-0: Ball 1-0: Swinging Strike 1-1: Ball 2-1: SINGLE (Line Drive, 4D)
|
Batting: SHB Cristián López
|
0-0: Ball 1-0: Swinging Strike 1-1: Ground out 1-3 (Groundball, P)
|
Bottom of the 2nd over - 0 run(s), 2 hit(s), 0 error(s), 1 left on base; Savannah 0 - Detroit 0 |
TOP OF THE 3RD |
Savannah Hogs batting - Pitching for Detroit Dirty Snow : RHP Paul McFadden
|
Batting: RHB Ernesto Gómez
|
0-0: Ball 1-0: Ground out 4-3 (Groundball, 4)
|
Batting: RHB Anastasio Movonda
|
0-0: Foul Ball, location: 2F 0-1: Called Strike 0-2: Foul Ball, location: 2F 0-2: Fly out, F8 (Line Drive, 8RM)
|
Batting: RHB Henry Dawson
|
0-0: DOUBLE (Line Drive, 89M)
|
Batting: LHB Manny Hernández
|
0-0: Foul Ball, location: 2F 0-1: Ground out 3-1 (Groundball, 34)
|
Top of the 3rd over - 0 run(s), 1 hit(s), 0 error(s), 1 left on base; Savannah 0 - Detroit 0 |
BOTTOM OF THE 3RD |
Detroit Dirty Snow batting - Pitching for Savannah Hogs : RHP Nelson Cruz
|
Batting: RHB Jorge López
|
0-0: Called Strike 0-1: Swinging Strike 0-2: Ball 1-2: Strikes out swinging
|
Batting: RHB Phil Wright
|
0-0: Ball 1-0: SINGLE (Line Drive, 8LS)
|
Batting: RHB Cristo Souza
|
0-0: Ball 1-0: Swinging Strike 1-1: Ball 2-1: Foul Ball, location: 2F 2-2: Strikes out swinging
|
Batting: LHB Eric Powell
|
0-0: Ball 1-0: Ball 2-0: Called Strike 2-1: Called Strike 2-2: Foul Ball, location: 2F 2-2: Fly out, F8 (Flyball, 8LM)
|
Bottom of the 3rd over - 0 run(s), 1 hit(s), 0 error(s), 1 left on base; Savannah 0 - Detroit 0 |
TOP OF THE 4TH |
Savannah Hogs batting - Pitching for Detroit Dirty Snow : RHP Paul McFadden
|
Batting: RHB Sergio Moreno
|
0-0: SINGLE (Line Drive, 56D)
|
Batting: RHB Remi Eruzione
|
0-0: DOUBLE (Line Drive, 8LD) Sergio Moreno to third
|
Batting: LHB Pedro Medine
|
0-0: Ball 1-0: Ball 2-0: Ball 3-0: Base on Balls
|
Batting: LHB Ivan Costello
|
0-0: Swinging Strike 0-1: Ball 1-1: Ball 2-1: Foul Ball, location: 2F 2-2: Strikes out swinging
|
Batting: LHB Marv Alexander
|
0-0: Called Strike 0-1: Called Strike 0-2: Ball 1-2: Ball 2-2: Ball 3-2: Base on Balls Sergio Moreno scores Remi Eruzione to third Pedro Medine to second
|
Batting: RHB Ernesto Gómez
|
0-0: Fly out, F9 (Line Drive, 9) Runner from 3rd tags up, SCORES, no throw
|
Batting: RHB Anastasio Movonda
|
0-0: Ball 1-0: Fielders Choice at 2nd, 6-4 (Groundball, 6)
|
Top of the 4th over - 2 run(s), 2 hit(s), 0 error(s), 1 left on base; Savannah 2 - Detroit 0 |
BOTTOM OF THE 4TH |
Detroit Dirty Snow batting - Pitching for Savannah Hogs : RHP Nelson Cruz
|
Batting: RHB Carlos Rocha
|
0-0: Called Strike 0-1: SINGLE (Groundball, 6MD)
|
Batting: RHB Arturo Jiménez
|
0-0: Swinging Strike 0-1: Ball 1-1: Ball 2-1: Ball 3-1: Foul Ball, location: 2F 3-2: Base on Balls Carlos Rocha to second
|
Batting: RHB Charlie O'Farrell
|
0-0: Called Strike 0-1: Called Strike 0-2: Ball 1-2: Fly out, F8 (Flyball, 78S)
|
Batting: SHB Alan Garland
|
0-0: SINGLE (Flyball, 8LS) Carlos Rocha to third Arturo Jiménez to second
|
Batting: SHB Cristián López
|
0-0: Fly out, F8 (Flyball, 8LM) Runner from 3rd tags up, SCORES, throw made
|
Batting: RHB Jorge López
|
0-0: Fly out, F7 (Flyball, 7LMF)
|
Bottom of the 4th over - 1 run(s), 2 hit(s), 0 error(s), 2 left on base; Savannah 2 - Detroit 1 |
TOP OF THE 5TH |
Savannah Hogs batting - Pitching for Detroit Dirty Snow : RHP Paul McFadden
|
Batting: RHB Henry Dawson
|
0-0: Foul Ball, location: 2F 0-1: Ball 1-1: Foul Ball, location: 2F 1-2: Fly out, F7 (Line Drive, 7)
|
Batting: LHB Manny Hernández
|
0-0: Called Strike 0-1: Foul Ball, location: 2F 0-2: Ball 1-2: Ball 2-2: Ball 3-2: Fly out, F7 (Flyball, 78M)
|
Batting: RHB Sergio Moreno
|
0-0: Called Strike 0-1: Ball 1-1: Foul Ball, location: 2F 1-2: Ground out 6-3 (Groundball, 6)
|
Top of the 5th over - 0 run(s), 0 hit(s), 0 error(s), 0 left on base; Savannah 2 - Detroit 1 |
BOTTOM OF THE 5TH |
Detroit Dirty Snow batting - Pitching for Savannah Hogs : RHP Nelson Cruz
|
Batting: RHB Phil Wright
|
0-0: Swinging Strike 0-1: Swinging Strike 0-2: Strikes out swinging
|
Batting: RHB Cristo Souza
|
0-0: Ball 1-0: Ground out 5-3 (Groundball, 25)
|
Batting: LHB Eric Powell
|
0-0: Foul Ball, location: 2F 0-1: Ball 1-1: Ball 2-1: Ball 3-1: Base on Balls
|
Batting: RHB Carlos Rocha
|
0-0: Ball Eric Powell is caught stealing 2nd base
|
Bottom of the 5th over - 0 run(s), 0 hit(s), 0 error(s), 0 left on base; Savannah 2 - Detroit 1 |
TOP OF THE 6TH |
Savannah Hogs batting - Pitching for Detroit Dirty Snow : RHP Paul McFadden
|
Batting: RHB Remi Eruzione
|
0-0: Ball 1-0: Ball 2-0: Ball 3-0: Base on Balls
|
Pitching: RHP Carl Thomas
|
|
Batting: LHB Pedro Medine
|
0-0: Called Strike 0-1: Swinging Strike 0-2: SINGLE (Line Drive, 9S) Remi Eruzione to second
|
Batting: LHB Ivan Costello
|
0-0: Called Strike 0-1: Foul Ball, location: 2F 0-2: Foul Ball, location: 2F 0-2: Ball 1-2: Fly out, F7 (Flyball, 7LS)
|
Batting: LHB Marv Alexander
|
0-0: Ball 1-0: Fly out, F7 (Flyball, 7)
|
Batting: RHB Ernesto Gómez
|
0-0: Swinging Strike 0-1: Ball 1-1: Foul Ball, location: 2F 1-2: Strikes out looking
|
Top of the 6th over - 0 run(s), 1 hit(s), 0 error(s), 2 left on base; Savannah 2 - Detroit 1 |
BOTTOM OF THE 6TH |
Detroit Dirty Snow batting - Pitching for Savannah Hogs : RHP Nelson Cruz
|
Batting: RHB Carlos Rocha
|
0-0: Called Strike 0-1: Foul Ball, location: 2F 0-2: Strikes out looking
|
Batting: RHB Arturo Jiménez
|
0-0: Called Strike 0-1: Ball 1-1: Ball 2-1: Fly out, F4 (Line Drive, 34D)
|
Batting: RHB Charlie O'Farrell
|
0-0: Ball 1-0: Foul Ball, location: 2F 1-1: Ground out 5-3 (Groundball, 56)
|
Bottom of the 6th over - 0 run(s), 0 hit(s), 0 error(s), 0 left on base; Savannah 2 - Detroit 1 |
TOP OF THE 7TH |
Savannah Hogs batting - Pitching for Detroit Dirty Snow : RHP Carl Thomas
|
Batting: RHB Anastasio Movonda
|
0-0: Ball 1-0: Ground out 4-3 (Groundball, 4)
|
Batting: RHB Henry Dawson
|
0-0: Ball 1-0: Called Strike 1-1: Foul Ball, location: 2F 1-2: Ball 2-2: Foul Ball, location: 2F 2-2: Strikes out swinging
|
Batting: LHB Manny Hernández
|
0-0: Fly out, F9 (Flyball, 9)
|
Top of the 7th over - 0 run(s), 0 hit(s), 0 error(s), 0 left on base; Savannah 2 - Detroit 1 |
BOTTOM OF THE 7TH |
Detroit Dirty Snow batting - Pitching for Savannah Hogs : RHP Nelson Cruz
|
Pitching: LHP Miguel Valentín
|
|
Batting: SHB Alan Garland
|
0-0: Foul Ball, location: 2F 0-1: Called Strike 0-2: Ball 1-2: Ball 2-2: Ball 3-2: SINGLE (Groundball, 6MD)
|
Batting: SHB Cristián López
|
0-0: Foul Ball, location: 2F 0-1: SINGLE (Line Drive, 89M) Alan Garland to second Runner from 2nd tries for 3rd, SAFE, no throw
|
Batting: RHB Jorge López
|
0-0: Called Strike 0-1: Ball 1-1: Foul Ball, location: 2F 1-2: Foul Ball, location: 2F 1-2: Foul Ball, location: 2F 1-2: Ball 2-2: Ball 3-2: Fly out, F7 (Flyball, 7)
|
Batting: RHB Phil Wright
|
0-0: Ball 1-0: Called Strike 1-1: Foul Ball, location: 2F 1-2: Ball Wild Pitch! Alan Garland scores Cristián López to second 2-2: Ball 3-2: Intentional Walk
|
Batting: RHB Cristo Souza
|
0-0: Ball Cristián López steals 3rd base Phil Wright to second 1-0: Ground out 1-3 (Groundball, 15S)
|
Batting: LHB Eric Powell
|
0-0: Ball 1-0: Ball 2-0: Called Strike 2-1: Ball 3-1: Base on Balls
|
Batting: RHB Carlos Rocha
|
0-0: Ball 1-0: Ball Wild Pitch! Cristián López scores Phil Wright to third Eric Powell to second 2-0: Foul Ball, location: 2F 2-1: Foul Ball, location: 2F 2-2: Foul Ball, location: 2F 2-2: Ground out 5-3 (Groundball, 56)
|
Bottom of the 7th over - 2 run(s), 2 hit(s), 0 error(s), 2 left on base; Savannah 2 - Detroit 3 |
TOP OF THE 8TH |
Savannah Hogs batting - Pitching for Detroit Dirty Snow : RHP Carl Thomas
|
Pitching: RHP Leonard Christensen
|
|
Batting: RHB Sergio Moreno
|
0-0: Called Strike 0-1: Swinging Strike 0-2: Foul Ball, location: 2F 0-2: Strikes out swinging
|
Batting: RHB Remi Eruzione
|
0-0: Ball 1-0: Fly out, F9 (Flyball, 9S)
|
Pitching: RHP Drake Williams
|
|
Batting: LHB Pedro Medine
|
0-0: Ball 1-0: Called Strike 1-1: Swinging Strike 1-2: Fly out, F7 (Flyball, 7D)
|
Top of the 8th over - 0 run(s), 0 hit(s), 0 error(s), 0 left on base; Savannah 2 - Detroit 3 |
BOTTOM OF THE 8TH |
Detroit Dirty Snow batting - Pitching for Savannah Hogs : LHP Miguel Valentín
|
Pitching: RHP Ramón Martínez
|
|
Batting: RHB Arturo Jiménez
|
0-0: Foul Ball, location: 2F 0-1: Swinging Strike 0-2: Ball 1-2: Strikes out swinging
|
Pitching: RHP Shannon Wallace
|
|
Batting: RHB Charlie O'Farrell
|
0-0: Called Strike 0-1: Foul Ball, location: 2F 0-2: Strikes out swinging
|
Batting: SHB Alan Garland
|
0-0: Ball 1-0: Ball 2-0: Ball 3-0: Base on Balls
|
Batting: SHB Cristián López
|
0-0: Called Strike 0-1: Foul Ball, location: 2F 0-2: Foul Ball, location: 2F 0-2: Ball 1-2: Ball 2-2: Ball 3-2: Strikes out swinging passed ball, reaches first! Alan Garland to second
|
Batting: RHB Jorge López
|
0-0: Ball 1-0: Ball 2-0: Ball 3-0: Called Strike 3-1: Base on Balls Alan Garland to third Cristián López to second
|
Batting: RHB Phil Wright
|
0-0: SINGLE (Flyball, 9LS) Alan Garland scores Cristián López to third Jorge López to second Runner from 3rd tries for Home, SAFE, no throw
|
Pitching: RHP Jorge Durán
|
|
Batting: RHB Cristo Souza
|
0-0: Swinging Strike 0-1: Foul Ball, location: 2F 0-2: Foul Ball, location: 2F 0-2: Strikes out looking
|
Bottom of the 8th over - 2 run(s), 1 hit(s), 0 error(s), 2 left on base; Savannah 2 - Detroit 5 |
TOP OF THE 9TH |
Savannah Hogs batting - Pitching for Detroit Dirty Snow : RHP Drake Williams
|
Pitching: LHP Brian Gunther
|
|
Batting: LHB Ivan Costello
|
0-0: Swinging Strike 0-1: Called Strike 0-2: Ball 1-2: Foul Ball, location: 2F 1-2: Strikes out swinging
|
Batting: LHB Marv Alexander
|
0-0: Ball 1-0: Ball 2-0: Called Strike 2-1: Ground out 4-3 (Groundball, 4S)
|
Batting: RHB Ernesto Gómez
|
0-0: Ball 1-0: Ball 2-0: Fly out, F9 (Line Drive, 89M)
|
Top of the 9th over - 0 run(s), 0 hit(s), 0 error(s), 0 left on base; Savannah 2 - Detroit 5 |
|